 Dungeon Crawl Stone Soup version 0.32-a0-814-g0968bab981 (webtiles) character file.

Game seed: 8218264047093313545

299198 adelrune the Genius of the Arcane (level 20, -22/164 HPs)
             Began as a Demonspawn Gladiator on Mar 22, 2024.
             Was the Champion of Sif Muna.
             Killed from afar by an ironbound thunderhulk (41 damage)
             ... with a bolt of lightning
             ... on level 1 of the Vaults.
             The game lasted 02:05:58 (35375 turns).

adelrune the Genius of the Arcane (DsGl)           Turns: 35375, Time: 02:05:59

Health: -22/164    AC: 27    Str: 27    XL:     20   Next: 14%
Magic:  0/33       EV:  8    Int:  8    God:    Sif Muna [******]
Gold:   829        SH: 23    Dex: 15    Spells: 13/19 levels left

rFire   + + .        b - +9 broad axe (flame)
rCold   . . .        e - +2 kite shield {reflect}
rNeg    . . .        h - +2 plate armour {rF+}
rPois   +            q - +1 helmet
rElec   .            (cloak unavailable)
rCorr   .            T - +0 pair of gloves of the Bagpipe {rPois Str+3 Slay+3}
SInv    .            i - +2 pair of boots
Will    +++..        L - amulet of regeneration Stlth
                     E - ring of willpower
HPRegen 1.27/turn    X - ring "Cuynod" {Fly rPois rF+ Will+}
MPRegen 0.46/turn

%: reflection, guardian spirit
@: frozen, flying, studying 2 skills, very slow
A: large bone plates 3, ignite blood 2, augmentation 2, magic shield, magic
regeneration, weakness stinger 3, wild magic 1
}: 2/15 runes: serpentine, barnacled
a: Renounce Religion, Channel Magic, Forget Spell, Divine Exegesis


You were on level 1 of the Vaults.
You worshipped Sif Muna.
Sif Muna was exalted by your worship.
You visited 8 branches of the dungeon, and saw 34 of its levels.
You also visited: Gauntlet and Ice Cave.

You collected 3182 gold pieces.
You spent 2353 gold pieces at shops.

Inventory:

Hand Weapons
 b - a +9 broad axe of flaming (weapon)
 c - the +3 whip "Kup Ceil" {speed, rElec rPois Will++ Stlth-}
   (You found it on level 4 of the Lair of Beasts)

   rElec:     It insulates you from electricity.
   rPois:     It protects you from poison.
   Will++:    It greatly increases your willpower.
   Stlth-:    It makes you less stealthy.
 x - the +8 trishula "Condemnation" {holy, anguish, *Noise Fly rN+}
   (You took it off a merfolk javelineer on level 3 of the Shoals)

   rN+:       It protects you from negative energy.
   Fly:       It grants you flight.
   *Noise:    It may make a loud noise when swung.
Missiles
 d - 7 throwing nets
 m - 12 silver javelins (quivered)
Armour
 e - a +2 kite shield of reflection (worn)
 h - a +2 plate armour of fire resistance (worn)
 i - a +2 pair of boots (worn)
 q - a +1 helmet (worn)
 T - the +0 pair of gloves of the Bagpipe (worn) {rPois Str+3 Slay+3}
   (You found it in a Gauntlet)

   Str+3:     It affects your strength (+3).
   Slay+3:    It affects your accuracy & damage with ranged weapons and melee
   (+3).
   rPois:     It protects you from poison.
Jewellery
 z - a ring of positive energy
 E - a ring of willpower (left hand)
 L - an amulet of regeneration (around neck)
 Q - a ring of protection from cold
 S - the ring of the Echidna {rCorr Str+3 Dex-5 SInv}
   (You found it in a Gauntlet)

   [ring of resist corrosion]

   Str+3:     It affects your strength (+3).
   Dex-5:     It affects your dexterity (-5).
   SInv:      It lets you see invisible.
   rCorr:     It protects you from acid and corrosion.
 X - the ring "Cuynod" (right hand) {Fly rPois rF+ Will+}
   (You acquired it on level 2 of the Orcish Mines)

   [ring of protection from fire]

   rF+:       It protects you from fire.
   rPois:     It protects you from poison.
   Will+:     It increases your willpower.
   Fly:       It grants you flight.
Wands
 g - a wand of roots (25)
 j - a wand of polymorph (13)
 v - a wand of paralysis (27)
 y - a wand of flame (47)
 R - a wand of mindburst (10)
Scrolls
 k - 4 scrolls of revelation
 l - 7 scrolls of vulnerability
 r - 2 scrolls of immolation
 s - 13 scrolls of teleportation
 t - 4 scrolls of fog
 w - 2 scrolls of brand weapon
 A - 3 scrolls of torment
 B - 9 scrolls of enchant armour
 C - 5 scrolls of blinking
 N - 6 scrolls of amnesia
 O - a scroll of silence
 P - 5 scrolls of fear
 W - a scroll of butterflies
 Z - 5 scrolls of poison
Potions
 a - a potion of berserk rage
 f - 6 potions of brilliance
 n - 3 potions of might
 o - 10 potions of attraction
 p - 3 potions of haste
 u - 6 potions of curing
 D - 4 potions of ambrosia
 F - 4 potions of heal wounds
 G - 2 potions of cancellation
 H - 2 potions of mutation
 I - 4 potions of enlightenment
 J - 4 potions of magic
 K - 6 potions of lignification
 M - 6 potions of invisibility
 Y - a potion of resistance
Miscellaneous
 U - a phantom mirror
 V - a tin of tremorstones (2/2)


   Skills:
 + Level 16.1 Fighting
 - Level 19.4(19.6) Axes
 + Level 4.9(13.6) Polearms
 - Level 1.7 Throwing
 + Level 15.6 Armour
 - Level 2.6 Dodging
 + Level 15.1 Shields
 + Level 19.9 Invocations
 - Level 5.0 Evocations


You had 13 spell levels left.
You knew the following spells:

 Your Spells              Type           Power      Damage    Failure   Level
a - Eringya's Noxious Bo  Alch           0%         4d6       100%        6

Your spell library contained the following spells:

 Spells                   Type           Power      Damage    Failure   Level
 Apportation              Tloc           0%         N/A       99%         1
 Foxfire                  Conj/Fire      0%         2x1d4     99%         1
 Kiss of Death            Conj/Necr      0%         2d5       99%         1
 Magic Dart               Conj           0%         1d3       99%         1
 Necrotise                Necr           0%         1d4       99%         1
 Sandblast                Erth           0%         2d4       99%         1
 Sting                    Conj/Alch      0%         1d3       99%         1
 Summon Small Mammal      Summ           0%         N/A       99%         1
 Blink                    Tloc           0%         N/A       100%        2
 Call Imp                 Summ           0%         N/A       100%        2
 Cigotuvi's Dreadful Rot  Necr/Alch/Air  0%         N/A       100%        2
 Ensorcelled Hibernation  Hex/Ice        0%         N/A       100%        2
 Momentum Strike          Conj/Tloc      0%         3d8       100%        2
 Searing Ray              Conj           0%         2d4       100%        2
 Call Canine Familiar     Summ           0%         N/A       100%        3
 Confusing Touch          Hex            0%         N/A       100%        3
 Dazzling Flash           Conj/Hex       0%         N/A       100%        3
 Frozen Ramparts          Ice            0%         1d1       100%        3
 Fugue of the Fallen      Necr           0%         N/A       100%        3
 Gell's Gravitas          Tloc           0%         N/A       100%        3
 Hailstorm                Conj/Ice       0%         3d5       100%        3
 Inner Flame              Hex/Fire       0%         N/A       100%        3
 Mephitic Cloud           Conj/Alch/Air  0%         N/A       100%        3
 Ozocubu's Armour         Ice            0%         N/A       100%        3
 Passwall                 Erth           0%         N/A       100%        3
 Sigil of Binding         Hex            0%         N/A       100%        3
 Stone Arrow              Conj/Erth      0%         3d7       100%        3
 Summon Ice Beast         Ice/Summ       0%         N/A       100%        3
 Swiftness                Air            0%         N/A       100%        3
 Teleport Other           Tloc           0%         N/A       100%        3
 Anguish                  Hex/Necr       0%         N/A       100%        4
 Animate Armour           Summ/Erth      0%         N/A       100%        4
 Animate Dead             Necr           0%         N/A       100%        4
 Brom's Barrelling Bould  Conj/Erth      0%         2d3       100%        4
 Dimensional Bullseye     Hex/Tloc       0%         N/A       100%        4
 Dispel Undead            Necr           0%         3d6       100%        4
 Fulminant Prism          Conj/Alch      0%         3d5       100%        4
 Ignite Poison            Fire/Alch      0%         N/A       100%        4
 Leda's Liquefaction      Alch/Erth      0%         N/A       100%        4
 Manifold Assault         Tloc           0%         N/A       100%        4
 Martyr's Knell           Necr/Summ      0%         N/A       100%        4
 Olgreb's Toxic Radiance  Alch           0%         N/A       100%        4
 Sticky Flame             Fire/Alch      0%         2d4       100%        4
 Summon Blazeheart Golem  Fire/Summ      0%         N/A       100%        4
 Summon Lightning Spire   Summ/Air       0%         N/A       100%        4
 Vhi's Electric Charge    Tloc/Air       0%         N/A       100%        4
 Borgnjor's Vile Clutch   Necr/Erth      0%         N/A       100%        5
 Curse of Agony           Necr           0%         N/A       100%        5
 Fireball                 Conj/Fire      0%         3d3       100%        5
 Freezing Cloud           Conj/Ice/Air   0%         6-21      100%        5
 Irradiate                Conj/Alch      0%         3d11      100%        5
 Lee's Rapid Deconstruct  Erth           0%         3d4*      100%        5
 Metabolic Englaciation   Hex/Ice        0%         N/A       100%        5
 Silence                  Hex/Air        0%         N/A       100%        5
 Summon Mana Viper        Hex/Summ       0%         N/A       100%        5
 Death Channel            Necr           0%         N/A       100%        6
 Dispersal                Tloc           0%         N/A       100%        6
 Permafrost Eruption      Ice/Erth       0%         2x4d2     100%        6
 Sculpt Simulacrum        Ice/Alch       0%         N/A       100%        6
 Starburst                Conj/Fire      0%         6d3       100%        6
 Haunt                    Necr/Summ      0%         N/A       100%        7
 Malign Gateway           Summ/Tloc      0%         N/A       100%        7
 Ignition                 Fire           0%         3d3       100%        8
 Chain Lightning          Conj/Air       0%         N/A       100%        9
 Dragon's Call            Summ           0%         N/A       100%        9
 Fire Storm               Conj/Fire      0%         5d1       100%        9
 Shatter                  Erth           0%         3d5*      100%        9


Dungeon Overview and Level Annotations

Branches:
Dungeon (15/15)            Temple (1/1) D:5            Lair (5/5) D:10
 Shoals (4/4) Lair:3        Snake (4/4) Lair:2        Slime (0/5) Lair:5
    Orc (2/2) D:10            Elf (2/3) Orc:2        Vaults (1/5) D:14
 Depths (0/4) D:15          IceCv (visited)         Gauntlet (visited)

Altars:
Ashenzari
Cheibriados
Dithmenos
Fedhas
Gozag
Hepliaklqana
Kikubaaqudgha
Makhleb
Nemelex Xobeh
Okawaru
Qazlal
Ru
Sif Muna
Trog
Uskayaw
Vehumet
Wu Jian
Xom
Yredelemnul
Beogh
Jiyva

Shops:
D:1 ?   D:7 *   D:11 ?   Orc:1 =   Orc:2 *=(?:   Elf:2 ?   Shoals:2 :
Shoals:3 [   Snake:3 ?[

Annotations:
D:6 2 transporters, javelincjr's ghost, novice TeSu
D:14 2 transporters, Toqeudirer's ghost, journeyman DsMo
Shoals:2 1 runed translucent door, jasper's ghost, adept DrSh
Snake:2 1 transporter
Elf:2 2 runed translucent doors


Innate Abilities, Weirdness & Mutations

You are completely covered in large bone plates. (SH +8)
Your demonic aura often causes spilled blood to erupt in flames.
Your magical and physical power is enhanced at high health.
When hurt, damage is shared between your health and your magic reserves.
You regenerate magic rapidly.
You have a sharp stinger which inflicts weakening toxins.
Your spells are a little harder to cast, but a little more powerful.


Message History

You slash the orc warlord! You burn the orc warlord.
The orc warlord is heavily wounded.
Electricity crackles from the ironbound thunderhulk's apparatus.
The bolt of lightning hits you!!!
You are too injured to fight recklessly!
You slash the orc warlord! You burn the orc warlord.
You tail-slap the orc warlord, but do no damage.
The orc warlord is heavily wounded.
The orc warlord is engulfed in blazing flames.
The orc warlord hits you with a +0 great mace!
Strange energies crackle from the ironbound thunderhulk's apparatus.
The ironbound thunderhulk blinks!
You slash the orc warlord! You burn the orc warlord.
You tail-slap the orc warlord, but do no damage.
The orc warlord is severely wounded.
The orc warlord is engulfed in blazing flames.
You block the orc warlord's attack.
The ironbound frostheart is engulfed in blazing flames.
You hit the orc warlord but do no damage.
Your tail-slap misses the orc warlord.
The orc warlord is severely wounded.
The orc warlord is engulfed in blazing flames.
The orc warlord barely misses you.
You hit the orc warlord. You burn the orc warlord.
The orc warlord is almost dead.
You hit the orc warlord but do no damage.
You tail-slap the orc warlord, but do no damage.
The orc warlord is almost dead.
The orc warlord is no longer weakened.
The orc warlord is engulfed in blazing flames.
The orc warlord hits you with a +0 great mace!
* * * LOW HITPOINT WARNING * * *
The ironbound frostheart calls freezing cold from the walls.
The frost grips you!!
* * * LOW HITPOINT WARNING * * *
You are encased in ice.
You hear a sizzling sound!
Electricity crackles from the ironbound thunderhulk's apparatus.
The bolt of lightning hits you!!!
You die...

########........
#......#........
#......#......#####
#......#......#....
#......#......#....
#......#......#....
#......#......#....
#.○....'......#....
#[@....#......'....
#o######......#####


OpT #..........) #.pe #........... #.... ######'##'#### #.... #.....>.....#
..#'' #.....#.....# #..+?! #.....#.....## #.....#.....#. You could see an orc
warlord, an ironbound thunderhulk, a deep elf annihilator (summoned), an
ironbound frostheart (summoned), a deep troll and an arcanist (fast).

Vanquished Creatures
  Vashnia (Snake:2)
  Nikola (Elf:1)
  Asterion (Snake:2)
  The ghost of Sirjeffry24 the Brawler, an adept DrSh of Jiyva (Snake:4)
  A kraken (Shoals:4)
  The ghost of Gryn the Marksgoblin, an adept CoHs of Cheibriados (Snake:4)
  Kirke (Shoals:1)
  The ghost of Chish the Black Belt, an adept OpFi of Gozag (Snake:4)
  Donald (Shoals:3)
  7 nagarajas
  The ghost of gosagan the Warrior, an adept VSBr of Wu Jian (Snake:4)
  An angel (Shoals:4)
  Louise (D:15)
  A very ugly thing (IceCv)
  2 formless jellyfish
  A stone giant (Vaults:1)
  2 ironbound preservers (Vaults:1)
  An ironbound thunderhulk (Vaults:1)
  A deep elf demonologist (Elf:2)
  Nessos (D:13)
  A dire elephant (Lair:5)
  A deep elf annihilator (Elf:1)
  5 deep elf death magi (Elf:1)
  Azrael (Elf:1)
  The ghost of Nulorelyt the Prestidigitator, a journeyman DsCK of Xom (Lair:3)
  A minotaur (Gauntlet)
  Snorg (D:10)
  11 merfolk impalers
  An entropy weaver (Vaults:1)
  5 merfolk javelineers
  An ettin (Orc:2)
  2 yaktaur captains (Vaults:1)
  Fannar (D:11)
  A rakshasa (D:15)
  3 great orbs of eyes (Vaults:1)
  4 hydras
  2 ice dragons
  8 merfolk aquamancers
  17 anacondas
  Erica (D:8)
  3 ogre magi (D:15)
  3 catoblepae
  3 ironbound frosthearts (Vaults:1)
  2 caustic shrike simulacra (IceCv)
  2 alligator snapping turtles
  3 merfolk avatars
  3 salamander tyrants (Snake:4)
  A boulder beetle (Lair:3)
  15 dancing weapons
  2 satyrs
  A ghost crab (Gauntlet)
  7 centaur warriors
  13 two-headed ogres
  19 death yaks
  A deep troll shaman (Lair:5)
  19 naga warriors
  A holy swine (Shoals:3)
  An occultist (D:15)
  2 tengu warriors (D:15)
  5 shock serpents
  23 naga sharpshooters
  11 deep elf knights
  5 orc high priests
  Nergalle (D:10)
  6 skysharks
  3 skeletal warriors
  11 sea snakes
  4 cherubim
  7 deep trolls (Vaults:1)
  4 salamander mystics
  13 mana vipers
  12 deep elf archers
  Pikel (D:8)
  2 arcanists
  9 harpies
  8 lindwurms (Vaults:1)
  12 naga ritualists
  20 deep elf pyromancers
  3 necromancers
  5 orc knights
  An ironbound convoker (Vaults:1)
  10 deep elf zephyrmancers
  2 thermic dynamos
  17 ugly things
  An obsidian bat (Orc:1)
  12 fauns
  An oklob plant (Lair:1)
  9 orc sorcerers
  A salamander (shapeshifter) (D:15)
  11 salamanders
  11 manticores
  4 cyclopes
  11 merfolk sirens
  22 elephants
  Joseph (D:8)
  48 black mambas
  A centaur zombie (D:15)
  A fire giant skeleton (Vaults:1)
  11 guardian serpents
  20 naga magi
  4 kobold blastminers
  4 water nymphs
  A vault sentinel (Vaults:1)
  A torpor snail (Lair:3)
  2 gargoyles (D:11)
  2 centaur skeletons (D:15)
  8 cane toads
  2 unseen horrors (D:12)
  A freezing wraith (D:15)
  2 yaktaurs (Vaults:1)
  Maggie (D:8)
  A kobold demonologist (D:9)
  A rime drake (shapeshifter) (Elf:1)
  14 komodo dragons
  3 rime drakes
  2 tengu conjurers (D:15)
  3 anaconda simulacra (IceCv)
  An efreet (D:12)
  6 trolls
  25 merfolk
  A queen bee (Gauntlet)
  6 wind drakes
  An alligator simulacrum (IceCv)
  8 polar bears
  7 snapping turtles
  2 human simulacra (Vaults:1)
  15 dream sheep
  25 blink frogs
  12 slime creatures
  A jumping spider (D:15)
  A centaur simulacrum (D:15)
  Sigmund (D:3)
  An elf skeleton (Vaults:1)
  An air elemental (Elf:2)
  2 wraiths (D:13)
  40 yaks
  3 shadows
  A wyvern (D:8)
  2 basilisks
  9 water elementals
  4 hogs (Shoals:1)
  2 fire elementals
  A dire elephant simulacrum (IceCv)
  3 vampire mosquitoes (D:14)
  3 wargs (Orc:2)
  A golden eye (shapeshifter) (D:14)
  A steam dragon (Lair:3)
  2 redbacks (D:15)
  52 nagas
  An acid dragon (D:9)
  A harpy simulacrum (IceCv)
  16 water moccasins
  Edmund (D:5)
  5 hell hounds (Elf:1)
  2 sky beasts (D:6)
  4 black bears
  A sky beast (shapeshifter) (D:14)
  16 orc warriors
  12 ogres
  14 centaurs
  27 wolves
  2 phantoms
  2 lemures (D:8)
  A human zombie (Vaults:1)
  5 kobold brigands
  11 bullfrogs
  An earth elemental (Elf:2)
  A scorpion (D:6)
  6 wights
  12 killer bees
  4 howler monkeys
  An electric eel (Lair:5)
  A bombardier beetle (D:5)
  4 crimson imps (D:11)
  2 jellies
  20 orc priests
  4 sleepcaps
  A hound (D:7)
  3 gnoll boudas
  7 iguanas
  24 orc wizards
  17 gnolls
  10 adders
  A shadow imp (D:7)
  A white imp (D:6)
  A dart slug (D:5)
  69 orcs
  4 ball pythons
  4 endoplasms
  4 giant cockroaches
  8 goblins
  12 hobgoblins
  4 jackals (D:3)
  8 quokkas
  9 bats
  6 frilled lizards
  23 kobolds
  3 rats
  2 spectral weapons (Shoals:3)
  4 tentacles (Shoals:4)
1251 creatures vanquished.

Vanquished Creatures (collateral kills)
  Aizul (Snake:1)
1 creature vanquished.

Vanquished Creatures (others)
  A dancing weapon (Elf:2)
  A merfolk aquamancer (Shoals:4)
  A deep elf zephyrmancer (Elf:1)
  A deep elf pyromancer (Elf:2)
  4 tentacles (Shoals:4)
8 creatures vanquished.

Grand Total: 1260 creatures vanquished

Notes
Turn   | Place    | Note
-------+----------+-------------------------------------------
     0 | D:1      | adelrune the Demonspawn Gladiator began the quest for the
                  | Orb.
     0 | D:1      | Reached XP level 1. HP: 16/16 MP: 1/1
   232 | D:1      | Gained mutation: You have a small tail. [demonic ancestry]
   232 | D:1      | Reached XP level 2. HP: 22/22 MP: 2/2
   251 | D:1      | Found a faded altar of an unknown god.
   271 | D:1      | Prayed at the altar of an unknown god.
   271 | D:1      | Became a worshipper of Sif Muna the Loreminder
   271 | D:1      | Reached * piety under Sif Muna
   584 | D:1      | Found Fahegg's Magic Scroll Shoppe.
   698 | D:1      | Bought a scroll of identify for 22 gold pieces
   886 | D:2      | Reached skill level 1 in Armour
   886 | D:2      | Gained mutation: You have a tail ending in a sharp stinger.
                  | [demonic ancestry]
   886 | D:2      | Reached XP level 3. HP: 28/28 MP: 3/3
   916 | D:2      | Reached skill level 1 in Invocations
  1166 | D:2      | Identified the +2 ring mail of the Beginning {Harm rC-
                  | rN+++ SInv}
  1304 | D:2      | Reached ** piety under Sif Muna
  1356 | D:2      | Gained mutation: You regenerate magic rapidly. [demonic
                  | ancestry]
  1356 | D:2      | Reached XP level 4. HP: 34/34 MP: 5/5
  2118 | D:3      | Noticed Sigmund
  2127 | D:3      | Killed Sigmund
  2128 | D:3      | Reached skill level 1 in Shields
  2128 | D:3      | Reached skill level 1 in Evocations
  2128 | D:3      | Reached XP level 5. HP: 34/41 MP: 5/7
  2128 | D:3      | Gained mutation: You have a sharp stinger which inflicts
                  | weakening toxins. [demonic ancestry]
  2128 | D:3      | Reached XP level 6. HP: 39/47 MP: 5/8
  2646 | D:4      | Found a radiant altar of Vehumet.
  2746 | D:4      | Found a blossoming altar of Fedhas.
  2799 | D:4      | Found a shadowy altar of Dithmenos.
  3001 | D:4      | Found a bloodstained altar of Trog.
  3093 | D:4      | Found a snail-covered altar of Cheibriados.
  3270 | D:4      | Reached XP level 7. HP: 9/52 MP: 9/9
  3547 | D:5      | Entered Level 5 of the Dungeon
  3553 | D:4      | Reached *** piety under Sif Muna
  3807 | D:5      | Reached skill level 5 in Axes
  3839 | D:5      | Found a staircase to the Ecumenical Temple.
  3960 | Temple   | Entered the Ecumenical Temple
  4452 | D:5      | Noticed Edmund
  4467 | D:5      | Killed Edmund
  4517 | D:5      | Reached XP level 8. HP: 58/60 MP: 11/11
  4971 | D:5      | Identified a scroll of acquirement
  4971 | D:5      | Acquired a +1 plate armour of poison resistance
  4982 | D:5      | Upgraded the game from 0.32-a0-799-g95e1662365 to
                  | 0.32-a0-814-g0968bab981
  5045 | D:6      | Found a transporter.
  5047 | D:6      | Noticed javelincjr's ghost (novice TeSu)
  5051 | D:6      | Identified the +9 dire flail "Killer Klown's Bane" {freeze,
                  | Int+3}
  5051 | D:6      | Noticed a two-headed ogre
  5094 | D:6      | Found a transporter.
  5193 | D:6      | Reached skill level 5 in Invocations
  5258 | D:6      | Identified the +1 ring mail of Irghuaxe {rCorr Dex-3 SInv
                  | Stlth+}
  5272 | D:6      | Reached **** piety under Sif Muna
  5694 | D:7      | You fall into a shaft and drop 3 floors!
  5694 | D:10     | Entered Level 10 of the Dungeon
  5828 | D:10     | Noticed Snorg
  5848 | D:10     | Killed Snorg
  5849 | D:10     | Reached skill level 5 in Fighting
  5849 | D:10     | Gained mutation: You are partially covered in large bone
                  | plates. (SH +4) [demonic ancestry]
  5849 | D:10     | Reached XP level 9. HP: 55/68 MP: 13/13
  5938 | D:10     | Noticed a cyclops
  5939 | D:10     | Found a staircase to the Orcish Mines.
  5960 | D:10     | Killed a cyclops
  6055 | D:10     | Found a staircase to the Lair.
  6437 | D:8      | Noticed Erica
  6444 | D:8      | Killed Erica
  6445 | D:8      | Reached skill level 5 in Armour
  6445 | D:8      | Reached skill level 5 in Evocations
  6445 | D:8      | Reached XP level 10. HP: 62/76 MP: 15/15
  6798 | D:8      | Reached ***** piety under Sif Muna
  6925 | D:8      | Noticed Joseph
  6927 | D:8      | Noticed Maggie
  7438 | D:7      | Received a gift from Sif Muna
  7443 | D:7      | Got Sif Muna's Folio of Reagents and the Evil Eye {god
                  | gift}
  7451 | D:7      | Learned a level 6 spell: Eringya's Noxious Bog
  7466 | D:7      | Found Haggiaw's General Store.
  7474 | D:7      | Bought a potion of heal wounds for 80 gold pieces
  7474 | D:7      | Bought a potion of haste for 160 gold pieces
  8014 | D:8      | Killed Maggie
  8022 | D:8      | Killed Joseph
  8023 | D:8      | Reached skill level 5 in Shields
  8239 | D:8      | Noticed Pikel
  8254 | D:8      | Killed Pikel
  8477 | D:9      | Noticed a two-headed ogre
  8481 | D:9      | Killed a two-headed ogre
  8604 | D:9      | Identified the +0 dagger of the Dancing Fool {drain, Will+
                  | Int+2}
  8631 | D:9      | Noticed a smoke demon
  8632 | D:9      | Gained mutation: Your demonic aura sometimes causes spilled
                  | blood to erupt in flames. [demonic ancestry]
  8632 | D:9      | Reached XP level 11. HP: 69/84 MP: 17/17
  8883 | D:9      | Found a roughly hewn altar of Beogh.
  9141 | D:10     | Noticed Nergalle
  9161 | D:10     | Killed Nergalle
  9823 | D:10     | Learned a level 6 spell: Eringya's Noxious Bog
  9866 | Lair:1   | Entered Level 1 of the Lair of Beasts
  9936 | Lair:1   | Reached skill level 10 in Axes
 10277 | Lair:1   | Noticed a death yak
 10277 | Lair:1   | Noticed a death yak
 10280 | Lair:1   | Noticed a death yak
 10280 | Lair:1   | Noticed a death yak
 10280 | Lair:1   | Noticed a death yak
 10281 | Lair:1   | Noticed a death yak
 10298 | Lair:1   | Killed a death yak
 10305 | Lair:1   | Killed a death yak
 10311 | Lair:1   | HP: 1/86 [death yak (20)]
 10316 | Lair:1   | Killed a death yak
 10318 | Lair:1   | Killed a death yak
 10319 | Lair:1   | Gained mutation: Your demonic aura often causes spilled
                  | blood to erupt in flames. [demonic ancestry]
 10319 | Lair:1   | Reached XP level 12. HP: 56/93 MP: 19/19
 10319 | Lair:1   | Killed a death yak
 10320 | Lair:1   | Reached skill level 10 in Invocations
 10322 | Lair:1   | Killed a death yak
 10557 | Lair:1   | Noticed an ice dragon
 10572 | Lair:1   | Killed an ice dragon
 11349 | Lair:2   | Found a staircase to the Snake Pit.
 11517 | Lair:2   | Noticed a death yak
 11542 | Lair:2   | Killed a death yak
 11563 | Lair:2   | Noticed a death yak
 11563 | Lair:2   | Noticed a death yak
 11582 | Lair:2   | Killed a death yak
 11586 | Lair:2   | Killed a death yak
 11815 | Lair:2   | Noticed a catoblepas
 11818 | Lair:2   | Killed a catoblepas
 12067 | Lair:3   | Found a staircase to the Shoals.
 12110 | Lair:3   | Reached XP level 13. HP: 82/101 MP: 21/21
 12302 | Lair:3   | Found a runed translucent door.
 12302 | Lair:3   | Noticed Nulorelyt's ghost (journeyman DsCK)
 12337 | Lair:3   | Killed Nulorelyt's ghost
 12841 | Lair:3   | Found a hide-covered altar of Uskayaw.
 12841 | Lair:3   | Found an ornate altar of the Wu Jian Council.
 13181 | Lair:4   | Identified the +3 whip "Kup Ceil" {speed, rElec rPois
                  | Will++ Stlth-}
 13333 | Lair:4   | Received a gift from Sif Muna
 13336 | Lair:4   | Got Sif Muna's Elucidation of the Saturnine Iceberg {god
                  | gift}
 13522 | Lair:4   | Reached skill level 10 in Fighting
 13597 | Lair:4   | Got the Secrets of Displacement and Crysopoeia
 13843 | Lair:5   | Entered Level 5 of the Lair of Beasts
 14072 | Lair:5   | Found a staircase to the Slime Pits.
 14073 | Lair:5   | Found a viscous altar of Jiyva.
 14217 | Lair:5   | Identified the ring of Xom's Full Attention {Ice rPois MP-9
                  | Str+2 Slay+3}
 14378 | Lair:5   | Reached XP level 14. HP: 90/111 MP: 23/23
 15014 | Lair:5   | Received a gift from Sif Muna
 15015 | Lair:5   | Got Sif Muna's Compilation of Blasting and Ill Luck {god
                  | gift}
 15074 | Lair:5   | Reached skill level 10 in Armour
 15090 | Lair:5   | Identified the staff "Tuxahe" {rPois rF+ rN+++ Dex-2 Stlth-
                  | Fire}
 15663 | Orc:1    | Entered Level 1 of the Orcish Mines
 15848 | Orc:1    | Found Ehatud's Jewellery Boutique.
 15857 | Orc:1    | Bought a ring of willpower for 350 gold pieces
 16107 | Orc:2    | Entered Level 2 of the Orcish Mines
 16114 | Orc:2    | Found a roughly hewn altar of Beogh.
 16120 | Orc:2    | Found a gate leading to a gauntlet.
 16121 | Orc:2    | Found Gabb's Book Shop.
 16135 | Gauntlet | Entered a Gauntlet
 16135 | Gauntlet | Found a transporter.
 16152 | Gauntlet | Found a transporter.
 16163 | Gauntlet | Found a transporter.
 16166 | Gauntlet | Noticed a reaper
 16168 | Gauntlet | Found a transporter.
 16183 | Gauntlet | Found a transporter.
 16202 | Gauntlet | Found a transporter.
 16214 | Gauntlet | Found a transporter.
 16226 | Gauntlet | Found a transporter.
 16238 | Gauntlet | Found a transporter.
 16247 | Gauntlet | Found a transporter.
 16269 | Gauntlet | Found a transporter.
 16284 | Gauntlet | Found a transporter.
 16286 | Gauntlet | Found a transporter.
 16313 | Gauntlet | Found a transporter.
 16313 | Gauntlet | Found a transporter.
 16333 | Gauntlet | Found a transporter.
 16411 | Gauntlet | Found a transporter.
 16431 | Gauntlet | Found a transporter.
 16565 | Gauntlet | Identified the ring of the Echidna {rCorr Str+3 Dex-5 SInv}
 16639 | Gauntlet | Identified the +0 pair of gloves of the Bagpipe {rPois
                  | Str+3 Slay+3}
 16723 | Gauntlet | Identified the +9 orcbow of Classification {drain, ^Contam
                  | Str+5 Dex+4}
 16923 | Orc:2    | Found a roughly hewn altar of Beogh.
 17027 | Orc:2    | Paralysed by an orc sorcerer for 4 turns
 17264 | Orc:2    | Found a staircase to the Elven Halls.
 17450 | Orc:2    | Received a gift from Sif Muna
 17462 | Orc:2    | Gained mutation: You are mostly covered in large bone
                  | plates. (SH +6) [demonic ancestry]
 17462 | Orc:2    | Reached XP level 15. HP: 72/119 MP: 25/25
 17510 | Orc:2    | Gained mutation: Armour fits poorly on your strangely
                  | shaped body. [a neqoxec]
 17516 | Orc:2    | Lost mutation: Armour fits poorly on your strangely shaped
                  | body. [potion of mutation]
 17516 | Orc:2    | Gained mutation: Your spells are a little harder to cast,
                  | but a little more powerful. [potion of mutation]
 17675 | Orc:2    | Found Zessace's Jewellery Boutique.
 17759 | Orc:2    | Got Sif Muna's Book of Manifold Production {god gift}
 17764 | Orc:2    | Found Eruawnorgh's Assorted Antiques.
 17766 | Orc:2    | Found Cenuar's Magic Scroll Shoppe.
 17766 | Orc:2    | Found Xufakh's Antique Weapon Shoppe.
 17784 | Orc:2    | Bought a scroll of acquirement for 832 gold pieces
 17784 | Orc:2    | Acquired the ring "Cuynod" {Fly rPois rF+ Will+}
 18226 | D:11     | Found a shimmering altar of Xom.
 18278 | D:11     | Noticed Fannar
 18294 | D:11     | Killed Fannar
 18295 | D:11     | Reached skill level 15 in Axes
 18323 | D:11     | Found Reosem's Magic Scroll Emporium.
 18353 | D:11     | Bought a scroll of revelation for 97 gold pieces
 18353 | D:11     | Bought a scroll of teleportation for 39 gold pieces
 18353 | D:11     | Bought a scroll of enchant armour for 97 gold pieces
 19732 | D:13     | Noticed Nessos
 19739 | D:13     | Killed Nessos
 20197 | D:14     | Found a gate to the Vaults.
 20215 | D:14     | Reached skill level 15 in Invocations
 20554 | D:14     | Found a bloodstained altar of Trog.
 20554 | D:14     | Noticed Toqeudirer's ghost (journeyman DsMo)
 20556 | D:14     | Found a transporter.
 20574 | D:14     | Found a transporter.
 20614 | D:14     | Identified the +1 pair of gloves "Nesmaoth" {rPois}
 20652 | D:15     | Entered Level 15 of the Dungeon
 20790 | D:15     | Reached ****** piety under Sif Muna
 20810 | D:15     | Found a basalt altar of Yredelemnul.
 20907 | D:15     | Noticed Louise
 20912 | D:15     | Killed Louise
 20984 | D:15     | Received a gift from Sif Muna
 21011 | D:15     | Reached XP level 16. HP: 122/129 MP: 27/27
 21274 | D:15     | Found a staircase to the Depths.
 21566 | Snake:1  | Entered Level 1 of the Snake Pit
 22455 | Snake:1  | Identified the serpent talisman "Kyaphim" {rF- rC++ Dex+3}
 22455 | Snake:1  | Noticed Aizul
 22463 | Snake:1  | Killed Aizul
 23156 | Snake:2  | Noticed Asterion
 23157 | Snake:2  | Noticed an Executioner
 23162 | Snake:2  | Noticed an Executioner
 23164 | Snake:2  | Killed Asterion
 23682 | Snake:2  | Noticed Vashnia
 23941 | Snake:2  | Reached skill level 10 in Shields
 23947 | Snake:2  | Killed Vashnia
 24224 | Snake:2  | Found a transporter.
 24240 | Snake:2  | Found a radiant altar of Vehumet.
 24733 | Snake:3  | Gained mutation: When hurt, damage is shared between your
                  | health and your magic reserves. [demonic ancestry]
 24733 | Snake:3  | Reached XP level 17. HP: 125/137 MP: 29/29
 25547 | Snake:3  | Found Heerch's Armour Emporium.
 25774 | Snake:3  | Found Geytroc's Magic Scroll Shoppe.
 25780 | Snake:3  | Bought a scroll of acquirement for 676 gold pieces
 25780 | Snake:3  | Acquired a manual of Shields
 25903 | Snake:4  | Entered Level 4 of the Snake Pit
 26467 | Snake:4  | Found a runed translucent gate.
 26469 | Snake:4  | Found a runed translucent gate.
 26568 | Snake:4  | Got Dehoq's Treatise on Freezing
 26574 | Snake:4  | Found a runed translucent gate.
 26575 | Snake:4  | Noticed Gryn's ghost (adept CoHs)
 26575 | Snake:4  | Noticed Sirjeffry24's ghost (adept DrSh)
 26575 | Snake:4  | Noticed Chish's ghost (adept OpFi)
 26575 | Snake:4  | Noticed gosagan's ghost (adept VSBr)
 26815 | Snake:4  | Identified the staff of Kismet {rElec rF- Str+5 Conj Ice}
 27052 | Snake:4  | Killed Sirjeffry24's ghost
 27056 | Snake:4  | Killed Gryn's ghost
 27059 | Snake:4  | Killed gosagan's ghost
 27060 | Snake:4  | Killed Chish's ghost
 27234 | Snake:4  | Received a gift from Sif Muna
 27238 | Snake:4  | Got Sif Muna's Opusculum on Mutual Pyromancy {god gift}
 27516 | Snake:4  | Gained mutation: You are completely covered in large bone
                  | plates. (SH +8) [demonic ancestry]
 27516 | Snake:4  | Reached XP level 18. HP: 131/146 MP: 27/30
 27784 | Snake:4  | Found an iron altar of Okawaru.
 27817 | Snake:4  | Got a serpentine rune of Zot
 27992 | Shoals:1 | Entered Level 1 of the Shoals
 28082 | Shoals:1 | Noticed Kirke
 28094 | Shoals:1 | Killed Kirke
 28114 | Shoals:1 | Found a glacial archway.
 28136 | IceCv    | Entered an ice cave
 28235 | IceCv    | Found a transporter.
 28246 | IceCv    | Found a transporter.
 28289 | Shoals:1 | Received a gift from Sif Muna
 28305 | Shoals:1 | Got Zyikliew's Secrets of the Coals and the Icicle {god
                  | gift}
 28918 | Shoals:2 | Found Bupri's Book Shoppe.
 29195 | Shoals:2 | Identified the +5 flail of the Shore {vamp, rN+ rCorr
                  | Int-2}
 29252 | Shoals:2 | Found a runed translucent door.
 29254 | Shoals:2 | Noticed jasper's ghost (adept DrSh)
 29920 | Shoals:3 | Noticed Donald
 29936 | Shoals:3 | Killed Donald
 30453 | Shoals:3 | Found Gojanuph's Armour Emporium.
 30493 | Shoals:4 | Entered Level 4 of the Shoals
 30764 | Shoals:4 | Identified the +6 whip of Res Nullius {spect, Fly Int+3
                  | Dex+3 Stlth-}
 30779 | Shoals:3 | Reached skill level 15 in Fighting
 30895 | Shoals:4 | Received a gift from Sif Muna
 31319 | Shoals:4 | Paralysed by a formless jellyfish for 1 turns
 31322 | Shoals:4 | Gained mutation: Your magical and physical power is
                  | slightly enhanced at high health. [demonic ancestry]
 31322 | Shoals:4 | Reached XP level 19. HP: 120/155 MP: 27/32
 31781 | Shoals:4 | Identified the ring "Asown" {rPois Will- AC+4 Int-5 Stlth+}
 31868 | Shoals:4 | Got a barnacled rune of Zot
 32178 | Elf:1    | Entered Level 1 of the Elven Halls
 32278 | Elf:1    | Noticed Nikola
 32305 | Elf:1    | Killed Nikola
 32311 | Elf:1    | Reached skill level 1 in Polearms
 32398 | Elf:1    | Received a gift from Sif Muna
 32454 | Elf:1    | Got Mafosuung's Atlas of Oxidation and Arcane Combat {god
                  | gift}
 33196 | Elf:2    | Identified the +8 giant club of Quisemme {freeze, rPois rN+
                  | Stlth+}
 33269 | Elf:2    | Found Fifyarr's Magic Scroll Boutique.
 33687 | Elf:2    | Received a gift from Sif Muna
 33780 | Elf:2    | Reached skill level 15 in Armour
 33952 | Elf:2    | Found a runed translucent door.
 33976 | Elf:2    | Found a runed translucent door.
 34091 | Elf:1    | Noticed Azrael
 34107 | Elf:1    | Killed Azrael
 34481 | Vaults:1 | Entered Level 1 of the Vaults
 34816 | Vaults:1 | Gained mutation: Your magical and physical power is
                  | enhanced at high health. [demonic ancestry]
 34816 | Vaults:1 | Reached XP level 20. HP: 164/164 MP: 33/33
 34977 | Vaults:1 | Reached skill level 15 in Shields
 35375 | Vaults:1 | Killed from afar by an ironbound thunderhulk

Illustrated notes

Levels and vault maps discovered:
D:1:      ncdulo_lavacross, layout_loops_ring, serial_shops,
          nicolae_shop_window_shopping, ebering_ecumenical_altar_mist,
          amcnicky_mini_corridor_feature
D:2:      layout_loops_ring, minmay_increasing_density
D:3:      layout_basic, uniq_sigmund
D:4:      minmay_diamond_boxcup, layout_rooms, kennysheep_little_box,
          grunt_dithmenos_smoke_and_mirrors, amcnicky_altar_gilded,
          nicolae_overflow_hidden_temple, mainiacjoe_overflow_divided_tiny,
          chequers_serial_rivers_small_b, amcnicky_mini_rare_corridor_liquid
D:5:      layout_basic, minmay_temple_entry_butterflies, uniq_edmund
D:6:      layout_basic, gammafunk_ghost_smash, minmay_tree_intersection
D:7:      layout_loops_ring, mainiacjoe_overflow_24_doors,
          nicolae_stop_n_shop_1, kennysheep_generic_room_15
D:8:      layout_basic, uniq_joseph, uniq_maggie, uniq_pikel, uniq_erica
D:9:      layout_roguey, david_defended_altar_orc
D:10:     layout_basic, dpeg_oklobed_lair, erik_orc_3, uniq_nergalle, uniq_snorg
D:11:     layout_long_grid, serial_shops, shop, led_xom_imps, uniq_fannar
D:12:     layout_basic
D:13:     layout_rooms, uniq_nessos
D:14:     layout_cave_pools, hellmonk_vaults_attempted_burglary,
          gammafunk_ghost_wrathful_warriors, minmay_misc_feat_room
D:15:     grunt_enter_depths_magical_seal, layout_cave_pools,
          lemuel_coloured_pillars_altar, elyvilon_altar_5, uniq_louise
Temple:   nicolae_temple_no_exploring_needed
Lair:1:   dragon1_lemuel, layout_concentric_octagons, minmay_hedge_maze,
          st_stairs_11, minmay_lair_oklob_items, grunt_megastairs_4
Lair:2:   layout_gridlike, minmay_snake_entry_guardpost_small,
          grunt_megastairs_2
Lair:3:   layout_small_grid, minmay_shoals_entry_centaurs,
          hellmonk_ghost_happy_afterlife, nzn_masters_of_martial_movement
Lair:4:   layout_misc_corridors, lemuel_fruit_tree
Lair:5:   grunt_lair_end_beastmaster, layout_gridlike, slime_entry_1,
          serial_bayou_shore_b
Shoals:1: layout_shoals, portal_ice_cave_entry_dragon, st_sunken_huts,
          uniq_kirke
Shoals:2: layout_shoals, ebering_ghost_inner_flame, nicolae_stop_n_shop_2
Shoals:3: layout_shoals, serial_shops, shop_fountains, uniq_donald
Shoals:4: shoals_end_hellmonk_holy_island
Snake:1:  layout_grid_maze, nicolae_snake_slithery_hallway,
          nicolae_snake_gridmaze_tees, uniq_aizul
Snake:2:  gammafunk_sealed_library, layout_chambers, serial_bayou_shore_b,
          uniq_vashnia, uniq_asterion
Snake:3:  layout_cave_pods, special_room, minmay_shoptagon
Snake:4:  grunt_snake_rune_serpentine_throne, layout_gridlike,
          gammafunk_ghost_cemetery, nicolae_snake_omega
Orc:1:    layout_caves, serial_shops, nicolae_square_shop, minmay_orc_keep
Orc:2:    st_orc_elflike, layout_caves, basic_altar, serial_shops, shop,
          gauntlet_entry_generic, mines1_david
Elf:1:    nicolae_elf_arrival_no_cutting_in_line, layout_loops_ring,
          guppyfry_library_mini, uniq_nikola, uniq_azrael
Elf:2:    elven_hall_of_blades_hangedman_original
          [nicolae_blade_entry_splitting_headache], layout_gridlike,
          serial_shops, nicolae_shop_statue_plus
Vaults:1: nicolae_vaults_tetromino_Z_2, grunt_vaults_focal, v_misc_13,
          hangedman_vaults_snaps, nicolae_vaults_trapezoid_lopsided_2,
          v_misc_24, nicolae_vaults_sightless_eye, nicolae_vaults_trapezoid_4,
          nicolae_vaults_wine_cellar, dpeg_vaults_monster_box,
          nicolae_vaults_little_squares_3, vaults_room_semicircle,
          layout_vaults_omnicross

Skill      XL: |  1  2  3  4  5  6  7  8  9 10 11 12 13 14 15 16 17 18 19 20 |
---------------+-------------------------------------------------------------+-----
Axes           | 3 4 5 6 7 9 10 12 13 14 16 17 18 19 | 19.4
Armour         | 1 2 3 4 5 6 7 8 9 10 11 12 13 15 | 15.6
Invocations    | 1 2 3 4 6 7 8 9 11 12 14 15 16 17 18 19 | 19.9
Fighting       | 3 4 5 6 7 8 9 10 11 12 13 14 15 16 | 16.1
Shields        | 1 2 3 4 5 6 7 8 9 10 11 13 14 15 | 15.1
Evocations     | 1 2 4 5 |  5.0
Polearms       | 4 |  4.9
Throwing       | |  1.7
Dodging        | |  2.6

Action                     |  1- 3 |  4- 6 |  7- 9 | 10-12 | 13-15 | 16-18 | 19-21 || total
---------------------------+-------+-------+-------+-------+-------+-------+-------++-------
  Melee: War axe           |    75 |    93 |   279 |   174 |       |       |       ||   621
         Tailslap          |     3 |    10 |    36 |    92 |   195 |   195 |    84 ||   615
         Broad axe         |       |       |       |   384 |   959 |  1032 |   325 ||  2700
         Whip              |       |       |       |       |       |    21 |    24 ||    45
         Trishula          |       |       |       |       |       |    24 |   117 ||   141
   Fire: Sling             |    11 |    40 |       |     7 |    14 |       |       ||    72
  Throw: Throwing net      |       |     1 |     1 |       |       |       |       ||     2
         Boomerang         |       |    15 |   111 |    18 |     9 |     3 |       ||   156
   Cast: Eringya's Noxious |       |       |       |     1 |       |       |       ||     1
         Permafrost Erupti |       |       |       |     1 |       |       |       ||     1
         Chain Lightning   |       |       |       |       |       |     4 |       ||     4
         Shatter           |       |       |       |       |       |     1 |       ||     1
 Invoke: Divine Exegesis   |       |       |       |     2 |       |     5 |       ||     7
  Evoke: Wand              |       |       |     6 |     9 |     4 |     4 |       ||    23
         Phantom mirror    |       |       |       |       |     2 |     1 |       ||     3
         Tin of tremorston |       |       |       |       |       |     1 |       ||     1
    Use: Scroll            |     1 |     2 |     6 |    10 |    13 |    11 |     2 ||    45
         Potion            |       |     1 |       |     5 |     1 |     9 |     1 ||    17
   Stab: Sleeping          |     1 |       |       |       |       |       |       ||     1
         Held in net/web   |       |       |     1 |       |       |       |       ||     1
         Paralysed         |       |       |    11 |    27 |       |       |       ||    38
         Distracted        |       |       |       |       |       |     1 |       ||     1
         Invisible         |       |       |       |       |       |       |     1 ||     1
 Armour: Leather armour    |     6 |       |       |       |       |       |       ||     6
         Chain mail        |    53 |   131 |    86 |       |       |       |       ||   270
         Skin              |       |    23 |    20 |       |       |       |       ||    43
         Plate armour      |       |       |   156 |   482 |   777 |   793 |   283 ||  2491
  Dodge: Dodged            |    37 |    47 |    90 |   126 |   225 |   150 |    68 ||   743
  Block: Buckler           |       |    29 |    92 |   265 |   437 |       |       ||   823
         Tower shield      |       |       |       |       |    23 |   858 |       ||   881
         Kite shield       |       |       |       |       |       |   493 |   446 ||   939
         Reflection        |       |       |       |       |       |    72 |    64 ||   136

Table legend: (Time is in decaauts)
 A = Elapsed time spent in this place.
 B = Non-inter-level travel time spent in this place.
 C = Inter-level travel time spent in this place.
 D = Time resting spent in this place.
 E = Time spent auto-exploring this place.
 F = Levels seen in this place.
 G = Mean time per level.
                   A        B        C        D        E       F      G
               +--------+--------+--------+--------+--------+-----+--------+
         Total |  35304 |  33218 |   2086 |   5008 |  18437 |  36 |  980.7 |
       Dungeon |  13559 |  12776 |    783 |   1811 |   7906 |  15 |  903.9 |
        Temple |    229 |    229 |      0 |    196 |      0 |   1 |  229.0 |
          Lair |   5986 |   5537 |    449 |    496 |   2951 |   5 | 1197.2 |
        Shoals |   3813 |   3674 |    139 |    534 |   2053 |   4 |  953.2 |
     Snake Pit |   6214 |   5984 |    230 |   1457 |   2612 |   4 | 1553.5 |
  Orcish Mines |   1804 |   1489 |    315 |     55 |    985 |   2 |  902.0 |
   Elven Halls |   2048 |   1881 |    167 |    275 |    953 |   2 | 1024.0 |
        Vaults |    821 |    821 |      0 |     49 |    582 |   1 |  821.0 |
      Ice Cave |    128 |    128 |      0 |     78 |      0 |   1 |  128.0 |
      Gauntlet |    699 |    699 |      0 |     55 |    394 |   1 |  699.0 |
               +--------+--------+--------+--------+--------+-----+--------+

Top non-repeatable levels by time:
 Snake:2: 2014 daAuts
 Snake:4: 1867 daAuts
    D:10: 1663 daAuts
  Lair:5: 1587 daAuts
 Snake:1: 1398 daAuts
Shoals:3: 1387 daAuts
   Orc:2: 1320 daAuts
   Elf:1: 1287 daAuts
  Lair:3: 1266 daAuts
  Lair:2: 1245 daAuts
     D:7: 1116 daAuts
     D:5: 1115 daAuts
  Lair:1: 1058 daAuts
     D:4: 1003 daAuts
     D:8: 994 daAuts
